 Dungeon Crawl Stone Soup version 0.29-a0-994-gc5c9f59d18 (webtiles) character file.

Game seed: 78052091047221649

47 vurker the Shooter (level 3, 31/31 HPs)
             Began as a Minotaur Hunter on Aug 3, 2022.
             Was a Follower of Vehumet.
             Quit the game on level 2 of the Dungeon.
             The game lasted 00:00:50 (1247 turns).

vurker the Shooter (Minotaur Hunter)                Turns: 1247, Time: 00:00:50

Health: 31/31      AC:  4    Str: 17    XL:     3   Next: 48%
Magic:  2/2        EV: 12    Int:  6    God:    Vehumet [*.....]
Gold:   75         SH:  0    Dex: 13    Spells: 2/2 levels left

rFire   . . .      SeeInvis .   a - +0 shortbow
rCold   . . .      Faith    .   (shield currently unavailable)
rNeg    . . .      Spirit   .   c - +0 leather armour
rPois   .          Reflect  .   (helmet restricted)
rElec   .          Harm     .   (no cloak)
rCorr   .          Rampage  .   h - +0 pair of gloves
Will    .....                   (no boots)
Stlth   +.........              (no amulet)
HPRegen 0.10/turn               (no ring)
MPRegen 0.08/turn               (no ring)

@: no status effects
A: horns 2, retaliatory headbutt
a: Renounce Religion


You were on level 2 of the Dungeon.
You worshipped Vehumet.
Vehumet was aware of your devotion.
You visited 1 branch of the dungeon, and saw 2 of its levels.

You collected 75 gold pieces.

Inventory:

Hand Weapons
 a - a +0 shortbow (weapon)
Armour
 c - a +0 leather armour (worn)
 h - a +0 pair of gloves (worn)
   (You found it on level 1 of the Dungeon)
Scrolls
 b - a scroll of immolation
 d - 2 scrolls of identify {unknown}
 e - a scroll of amnesia {unknown}
 f - a scroll of vulnerability {unknown}
 g - a scroll of fear {unknown}
 i - a scroll of teleportation {unknown}
Potions
 j - 2 potions of mutation {unknown}


   Skills:
 + Level 3.3 Fighting
 * Level 5.4 Ranged Weapons
 - Level 2.1 Dodging
 - Level 0.7 Stealth


You had 2 spell levels left.
You didn't know any spells.
Your spell library contained the following spells:

 Spells                   Type           Power      Damage    Failure   Level
 Freeze                   Ice            0%         1d3       52%         1
 Dazzling Flash           Conj/Hex       0%         N/A       88%         3
 Agony                    Necr           0%         N/A       100%        5
 Silence                  Hex/Air        0%         N/A       100%        5


Dungeon Overview and Level Annotations

Branches:
Dungeon (2/15)

Altars:
Vehumet


Innate Abilities, Weirdness & Mutations

You have a pair of horns on your head.
You reflexively headbutt those who attack you in melee.


Message History

You now have 75 gold pieces (gained 10).
No target in view!
An adder comes into view.
You shoot an arrow. The arrow hits the adder!
You shoot an arrow. The arrow hits the adder.
You shoot an arrow. The arrow misses the adder.
The adder closely misses you.
You shoot an arrow. The arrow hits the adder!
You kill the adder!
Found a stone staircase leading up.
Found a pink potion.
Found a stone staircase leading down.
j - 2 pink potions (gained 1) No target in view!
There is a stone staircase leading down here.
There is a stone staircase leading down here.
You see here an adder corpse.
A quokka comes into view.
Found a scale mail and a pair of gloves.
You shoot an arrow. The arrow hits the quokka.
A quokka is nearby!
You shoot an arrow. The arrow misses the quokka.
A quokka is nearby!
You shoot an arrow.
The arrow hits the quokka but does no damage.
The quokka barely misses you.
A quokka is nearby!
A quokka is nearby!
You shoot an arrow. The arrow closely misses the quokka.
The quokka barely misses you. You furiously retaliate!
You headbutt the quokka!
You kill the quokka!
Found a faded altar of an unknown god.
No target in view!
No target in view!
An endoplasm comes into view.
You shoot an arrow. The arrow hits the endoplasm.
The endoplasm quivers.
An endoplasm is nearby!
You shoot an arrow. The arrow hits the endoplasm.
You shoot an arrow. The arrow barely misses the endoplasm.
The endoplasm hits you but does no damage.
You shoot an arrow. The arrow hits the endoplasm!
You kill the endoplasm!
No target in view!
Found a short sword.
There is a faded altar of an unknown god here.
You cannot tell which god this altar belongs to.
Convert to them anyway?
Vehumet accepts your prayer! Vehumet welcomes you!
You can now gain magical power from killing.
Vehumet offers you knowledge of Freeze.

### #### #.. ..# #.#
#.# #########
#.#####.###
#.......###.##.......
##.##.##........##.###
#).#...#..##.#####.#..
#....@....##.......#.#
#..#...#.....#######.#
#..##.##..##.# #.# #.
.......##.#######.# #
####[##.##.##.......
..##.##.##.....<# .#
#.##......# ..
.[##.....##
####.....##


There were no monsters in sight!

Vanquished Creatures
  2 adders (D:2)
  A worm (D:2)
  3 bats (D:2)
  2 endoplasms
  9 jackals
  A quokka (D:2)
  A ball python (D:1)
  2 goblins (D:1)
  A kobold (D:1)
  4 rats
26 creatures vanquished.

Notes
Turn   | Place    | Note
-------+----------+-------------------------------------------
     0 | D:1      | vurker the Minotaur Hunter began the quest for the Orb.
     0 | D:1      | Reached XP level 1. HP: 18/18 MP: 0/0
   577 | D:1      | Reached XP level 2. HP: 25/25 MP: 1/1
  1022 | D:2      | Reached skill level 5 in Ranged Weapons
  1049 | D:2      | Reached XP level 3. HP: 31/31 MP: 2/2
  1228 | D:2      | Found a faded altar of an unknown god.
  1246 | D:2      | Prayed at the altar of an unknown god.
  1246 | D:2      | Became a worshipper of Vehumet
  1246 | D:2      | Reached * piety under Vehumet
  1246 | D:2      | Offered knowledge of Freeze by Vehumet.
  1247 | D:2      | Quit the game

Illustrated notes

Levels and vault maps discovered:
D:1:      dpeg_arrival_water_fire, layout_basic
D:2:      layout_loops_cross, ebering_ecumenical_altar_box,
          hangedman_abyss_or_decor_stabs

Skill      XL: |  1  2 |
---------------+-------+-----
Fighting       | 3 |  3.3
Ranged Weapons | 5 |  5.4
Dodging        | |  2.1
Stealth        | |  0.7

Action                   || total
-------------------------++-------
 Fire: Shortbow          ||    74
Armor: Leather armour    ||    16
Dodge: Dodged            ||    21

Table legend: (Time is in decaauts)
 A = Elapsed time spent in this place.
 B = Non-inter-level travel time spent in this place.
 C = Inter-level travel time spent in this place.
 D = Time resting spent in this place.
 E = Time spent auto-exploring this place.
 F = Levels seen in this place.
 G = Mean time per level.
                   A        B        C        D        E       F      G
               +--------+--------+--------+--------+--------+-----+--------+
         Total |   1275 |   1222 |     53 |      0 |   1045 |   2 |  637.5 |
       Dungeon |   1275 |   1222 |     53 |      0 |   1045 |   2 |  637.5 |
               +--------+--------+--------+--------+--------+-----+--------+

Top non-repeatable levels by time:
     D:1: 863 daAuts
     D:2: 412 daAuts
